 Dungeon Crawl Stone Soup version 0.31-a0-1204-ge2c1a860ed (webtiles) character file.

Game seed: 17245020103892507692

67 Curundu the Poker (level 4, -4/37 HPs)
             Began as a Merfolk Berserker on Dec 12, 2023.
             Was a Believer of Trog.
             Slain by Sigmund
             ... wielding a +0 scythe
              (7 damage)
             ... on level 2 of the Dungeon on Dec 13, 2023.
             The game lasted 00:06:03 (1213 turns).

Curundu the Poker (Merfolk Berserker)               Turns: 1213, Time: 00:06:04

Health: -4/37      AC: 10    Str: 19    XL:     4   Next: 18%
Magic:  4/4        EV:  6    Int:  6    God:    Trog [**....]
Gold:   75         SH:  0    Dex: 13    Spells: 3/3 levels left

rFire   . . .        a - +0 spear
rCold   . . .        (no shield)
rNeg    . . .        j - +0 plate armour
rPois   .            (no helmet)
rElec   .            (no cloak)
rCorr   .            (no gloves)
SInv    .            (no boots)
Will    .....        (no amulet) Stlth
                     (no ring)
HPRegen 0.26/turn    (no ring)
MPRegen 0.09/turn

%: no passive effects
@: invisible
A: (nimble swimmer 2), mertail
a: Renounce Religion, Berserk, Trog's Hand


You were on level 2 of the Dungeon.
You worshipped Trog.
Trog was pleased with you.
You visited 1 branch of the dungeon, and saw 2 of its levels.

You collected 75 gold pieces.

Inventory:

Hand Weapons
 a - a +0 spear (weapon)
Armour
 j - a +0 plate armour (worn)
Scrolls
 b - a scroll of immolation {unknown}
 c - a scroll of identify
Potions
 d - a potion of heal wounds {unknown}
 f - 2 potions of curing
 g - a potion of brilliance {unknown}
 i - a potion of resistance {unknown}


   Skills:
 + Level 4.0 Fighting
 + Level 5.2 Polearms
 + Level 1.6 Armour
 + Level 3.4 Dodging
 + Level 0.1 Stealth


You had 3 spell levels left.
You didn't know any spells.
Your spell library was empty.

Dungeon Overview and Level Annotations

Branches:
Dungeon (2/15)

Altars:

Annotations:
D:2 Sigmund


Innate Abilities, Weirdness & Mutations

((You are very nimble when in or above water. (Stealth+, EV+, Speed+++)))
Your lower body shifts to a powerful aquatic tail in water.


Message History

f - 2 potions of curing Sigmund gestures wildly while chanting.
Sigmund flickers and vanishes!
Deactivating autopickup; reactivate with Ctrl-A.
Something hits you.
You see here a scroll labelled ELEXZIZOATH.
Something hits you. Something hits you.
You closely miss something. Something hits you but does no damage.
You closely miss something. You hit something but do no damage.
Something completely misses you.
You closely miss something. You hit something. Something hits you!
You hit something. Something hits you.
You barely miss something. You closely miss something.
Something hits you but does no damage.
You closely miss something. You hit something but do no damage.
You hear some strange, mumbled words.
A magic dart appears from out of thin air!
The magic dart hits you.
You closely miss something. Something hits you.
* * * LOW HITPOINT WARNING * * *
You hit something.
A magic dart appears from out of thin air!
The magic dart hits you.
* * * LOW HITPOINT WARNING * * *
Something hits you.
* * * LOW HITPOINT WARNING * * *
Something hits you.
* * * LOW HITPOINT WARNING * * *
It was a potion of invisibility.
You fade into invisibility!
You hear some strange, mumbled words.
You start resting.
Something completely misses you.
You start resting.
Something hits you but does no damage.
You start resting.
Something hits you!
You die...

..........#####....# #.#
########.## #!...# #.#
.......#.######....# #.#
.......#.#......?..# #.#
.....).#.#.####.#### #.#
###### ......##.#.# #.#
##.####..... .#.##..#.#.#
#.# #.......)...
.#.......#.#
#.######...........
.#####..##.#
#.@................
.###....^..#
#######.#+####.....
...#.##....## #######.#.#
#.....
.#รท#.##.....###.........#
######
.#<#.##.......'........##
.###.##....####........#
.'...##....# #(..>...##
.######....# #......## .#
#....# #......#


There were no monsters in sight!

Vanquished Creatures
  Natasha (D:2)
  A worm (D:2)
  3 dart slugs
  4 endoplasms
  4 hobgoblins
  6 jackals
  A quokka (D:1)
  A ball python (D:1)
  3 bats
  A frilled lizard (D:2)
  4 kobolds
  4 rats
33 creatures vanquished.

Notes
Turn   | Place    | Note
-------+----------+-------------------------------------------
     0 | D:1      | Curundu the Merfolk Berserker began the quest for the Orb.
     0 | D:1      | Reached XP level 1. HP: 18/18 MP: 1/1
   210 | D:1      | Found a faded altar of an unknown god.
   304 | D:1      | Reached XP level 2. HP: 24/24 MP: 2/2
   685 | D:2      | Reached XP level 3. HP: 25/30 MP: 3/3
   863 | D:2      | Reached ** piety under Trog
   990 | D:2      | Noticed Natasha
   999 | D:2      | Killed Natasha
  1000 | D:2      | Reached skill level 5 in Polearms
  1000 | D:2      | Reached XP level 4. HP: 28/37 MP: 4/4
  1180 | D:2      | Noticed Sigmund
  1206 | D:2      | HP: 1/37 [something (3)]
  1213 | D:2      | Slain by Sigmund

Illustrated notes

Levels and vault maps discovered:
D:1:      spicycebolla_arrival_risky_transporter, layout_rooms,
          shapermc_ecumenical_altar_mp_vishouse
D:2:      layout_basic, uniq_sigmund, uniq_natasha

Skill      XL: |  1  2  3 |
---------------+----------+-----
Dodging        | 3 |  3.4
Fighting       | 4 |  4.0
Polearms       | 5 |  5.2
Armour         | |  1.6
Stealth        | |  0.1

Action                     |  1- 3 |  4- 6 || total
---------------------------+-------+-------++-------
  Melee: Spear             |    98 |    14 ||   112
         Punch             |     3 |       ||     3
    Use: Scroll            |       |     1 ||     1
         Potion            |       |     1 ||     1
 Armour: Animal skin       |    20 |       ||    20
         Leather armour    |    22 |       ||    22
         Plate armour      |       |    14 ||    14
  Dodge: Dodged            |    68 |     2 ||    70

Table legend: (Time is in decaauts)
 A = Elapsed time spent in this place.
 B = Non-inter-level travel time spent in this place.
 C = Inter-level travel time spent in this place.
 D = Time resting spent in this place.
 E = Time spent auto-exploring this place.
 F = Levels seen in this place.
 G = Mean time per level.
                   A        B        C        D        E       F      G
               +--------+--------+--------+--------+--------+-----+--------+
         Total |   1198 |   1198 |      0 |      3 |    811 |   2 |  599.0 |
       Dungeon |   1198 |   1198 |      0 |      3 |    811 |   2 |  599.0 |
               +--------+--------+--------+--------+--------+-----+--------+

Top non-repeatable levels by time:
     D:1: 654 daAuts
     D:2: 543 daAuts
